 Dungeon Crawl Stone Soup version 0.22.0-38-g04b72b8 (webtiles) character file.

2930 Marcoleric the Unseen (level 9, -2/44 HPs)
             Began as a Spriggan Assassin on Aug 30, 2018.
             Was an Initiate of Dithmenos.
             Slain by a wight
             ... wielding a +3 mace
              (13 damage)
             ... on level 7 of the Dungeon.
             The game lasted 00:38:42 (6793 turns).

Marcoleric the Unseen (Spriggan Assassin)           Turns: 6793, Time: 00:38:43

Health: -2/44      AC:  0    Str:  8    XL:     9   Next: 50%
Magic:  10/10      EV: 19    Int: 13    God:    Dithmenos [......]
Gold:   196        SH:  0    Dex: 19    Spells: 8/8 levels left

rFire    . . .     SeeInvis +   (weapon currently unavailable)
rCold    . . .     Gourm    .   (shield currently unavailable)
rNeg     . . .     Faith    .   (armour currently unavailable)
rPois    .         Spirit   .   (helmet currently unavailable)
rElec    .         Reflect  .   (cloak currently unavailable)
rCorr    .         Harm     .   (gloves unavailable)
MR       +....                  (boots unavailable)
Stlth    ++++++....             (no amulet)
HPRegen  0.14/turn              (ring currently unavailable)
MPRegen  0.12/turn              (ring currently unavailable)

@: about to teleport, pig-form, drained, very quick
A: small, unfitting armour, see invisible, herbivore, slow metabolism 2
a: Renounce Religion


You were on level 7 of the Dungeon.
You worshipped Dithmenos.
Dithmenos was noncommittal.
You were not hungry.
You were a filthy swine.
You visited 1 branch of the dungeon, and saw 7 of its levels.

You collected 475 gold pieces.
You spent 279 gold pieces at shops.

Inventory:

Hand Weapons
 a - a +2 dagger
 b - a +0 blowgun
 k - a +4 dagger of speed (melded)
 m - a +0 dagger
Missiles
 e - 29 poisoned needles
 f - 2 curare-tipped needles
Armour
 c - a +1 robe (melded)
 d - a +0 cloak
 n - the cursed +0 pair of boots of Claustrophobia {rElec rC- Str-5 Slay+5, unknown}
   (You found it on level 4 of the Dungeon)

   It affects your strength (-5).
   It affects your accuracy and damage with ranged weapons and melee attacks
   (+5).
   It makes you vulnerable to cold.
   It insulates you from electricity.
   It has a curse placed upon it.
 o - a scarf of repulsion (melded)
 s - a +2 cloak of magic resistance
 v - the +0 hat of Darkness {rN++ Dex-5}
   (You acquired it on level 6 of the Dungeon)

   It affects your dexterity (-5).
   It greatly protects you from negative energy.
Jewellery
 l - an uncursed ring of ice
 r - a +3 ring of strength (melded)
 x - a ring of poison resistance (melded)
Wands
 q - a wand of paralysis (7)
 y - a wand of random effects (27)
Scrolls
 t - a scroll of fear
 A - a scroll of remove curse
 B - a scroll of random uselessness {unknown}
 C - a scroll of teleportation
Potions
 h - a potion of heal wounds
 j - a potion of berserk rage
 p - a potion of magic
 u - a potion of ambrosia
 w - a potion of cancellation
 z - 2 potions of lignification
Comestibles
 g - 15 rations


   Skills:
 + Level 3.2(2.9) Fighting
 + Level 6.1(5.8) Short Blades
 + Level 4.1(3.9) Throwing
 + Level 5.7(5.4) Dodging
 * Level 15.7(15.4) Stealth
 + Level 0.7(0.5) Invocations


You had 8 spell levels left.
You didn't know any spells.
Your spell library contained the following spells:

 Spells                   Type           Power        Failure   Level  Hunger
 Animate Skeleton         Necr           N/A          30%         1    ##.....
 Pain                     Necr           #...         30%         1    ##.....
 Sting                    Conj/Pois      #...         30%         1    ##.....
 Poisonous Vapours        Pois/Air       #.....       43%         2    ###....
 Mephitic Cloud           Conj/Pois/Air  #.......     67%         3    ####...
 Regeneration             Chrm/Necr      #.........   67%         3    ####...
 Vampiric Draining        Necr           #.........   67%         3    ####...
 Animate Dead             Necr           N/A          97%         4    #####..
 Olgreb's Toxic Radiance  Pois           #.......     97%         4    #####..
 Venom Bolt               Conj/Pois      #.........   100%        5    ######.


Dungeon Overview and Level Annotations

Branches:
Dungeon (7/15)
 Temple: D:4-7

Altars:
Dithmenos
Elyvilon
Nemelex Xobeh

Shops:
D:5 [

Annotations:
D:7 Menkaure


Innate Abilities, Weirdness & Mutations

You are very small and have problems with some larger weapons.
You are too small for most types of armour.
You have supernaturally acute eyesight. (SInv)
You are a herbivore.
((You cover ground extremely quickly.))
You need to consume almost no food.


Message History

The wight completely misses you.
You hit the wight but do no damage.
The wight is heavily damaged.
You hit the wight but do no damage.
The wight is heavily damaged.
The wight hits you with an enchanted mace!
You hit the wight but do no damage.
The wight is heavily damaged.
The wight hits you with an enchanted mace!
* * * LOW HITPOINT WARNING * * *
You barely miss the wight.
The wight is heavily damaged.
You closely miss the wight.
The wight is heavily damaged.
The wight closely misses you.
Okay, then.
As you read the scroll of teleportation, it crumbles to dust.
You feel strangely unstable.
The wight hits you with an enchanted mace!
You die...

...z.###.#
#.......## .....
#.#####.......#
...>
......#.....#.#
#.#z ##
#.#######.####
#..######.##..
#............
######............
#.z.'..[.........)
#h#)#.............
#####.............
#...รท####.###.
####(...## #.# #.
#.....(..# #.# #.
#........###.###.
#....(.........#.
#######........#.
#.(..(...#.


You could see a wight.

Vanquished Creatures
  A two-headed ogre (D:6)
  A komodo dragon (D:6)
  Grinder (D:3)
  A spriggan (D:7)
  A hungry ghost (D:7)
  Duvessa (D:7)
  An orc warrior (D:6)
  A sky beast (D:7)
  2 ogres
  A centaur (D:7)
  Blork the orc (D:6)
  Dowan (D:7)
  A water moccasin skeleton (D:4)
  A wight (D:6)
  A crimson imp (D:7)
  A centaur zombie (D:7)
  A bullfrog skeleton (D:6)
  3 jellies
  A hound (D:7)
  A centaur skeleton (D:4)
  5 orc wizards
  Ijyb (D:4)
  Jessica (D:3)
  4 worker ants
  A killer bee zombie (D:6)
  9 adders
  9 oozes (D:4)
  4 worms
  5 dart slugs
  5 leopard geckos
  14 orcs
  2 ball pythons
  5 giant cockroaches
  7 goblins
  6 hobgoblins
  14 jackals
  3 quokkas
  11 bats
  6 frilled lizards
  15 kobolds
  A leopard gecko zombie (D:5)
  A quokka skeleton (D:7)
  27 rats
179 creatures vanquished.

Vanquished Creatures (collateral kills)
  A giant cockroach (D:5)
1 creature vanquished.

Vanquished Creatures (others)
  8 toadstools (D:4)
8 creatures vanquished.

Grand Total: 188 creatures vanquished

Notes
Turn   | Place    | Note
-------+----------+-------------------------------------------
     0 | D:1      | Marcoleric the Spriggan Assassin began the quest for the Orb.
     0 | D:1      | Reached XP level 1. HP: 10/10 MP: 2/2
    22 | D:1      | Reached skill level 6 in Stealth
    90 | D:1      | Reached XP level 2. HP: 10/15 MP: 3/3
   674 | D:1      | Reached XP level 3. HP: 18/18 MP: 4/4
  1028 | D:2      | Reached skill level 7 in Stealth
  1687 | D:2      | Reached XP level 4. HP: 19/23 MP: 5/5
  2143 | D:3      | Noticed Grinder
  2150 | D:3      | Killed Grinder
  2150 | D:3      | Reached skill level 9 in Stealth
  2150 | D:3      | Reached XP level 5. HP: 26/26 MP: 6/6
  2150 | D:3      | Reached XP level 6. HP: 30/30 MP: 7/7
  2230 | D:3      | Noticed Jessica
  2597 | D:3      | Found a white marble altar of Elyvilon.
  2739 | D:3      | Killed Jessica
  2946 | D:4      | Reached skill level 10 in Stealth
  2970 | D:4      | Got a pair of shimmering boots
  3180 | D:4      | Noticed Ijyb
  3194 | D:4      | Paralysed by Ijyb for 6 turns
  3242 | D:4      | Paralysed by Ijyb for 2 turns
  3258 | D:4      | Paralysed by Ijyb for 4 turns
  3273 | D:4      | Killed Ijyb
  3273 | D:4      | Reached XP level 7. HP: 17/35 MP: 8/8
  3474 | D:4      | Reached skill level 11 in Stealth
  4174 | D:5      | Entered Level 5 of the Dungeon
  4297 | D:5      | Found a sparkling altar of Nemelex Xobeh.
  4309 | D:5      | Became a worshipper of Nemelex Xobeh the Trickster
  4312 | D:5      | Received a gift from Nemelex Xobeh
  4488 | D:5      | Found Aravublat's Armour Shoppe.
  4501 | D:5      | Bought a +2 cloak of magic resistance for 279 gold pieces
  4698 | D:6      | Noticed Blork the orc
  4706 | D:6      | Killed Blork the orc
  4741 | D:6      | Identified a scroll of acquirement
  4744 | D:6      | Got a fine hat
  4750 | D:6      | Identified the +0 hat of Darkness {rN++ Dex-5} (You acquired it on level 6 of the Dungeon)
  4779 | D:6      | Reached skill level 5 in Short Blades
  4779 | D:6      | Reached skill level 12 in Stealth
  5242 | D:6      | Reached XP level 8. HP: 39/39 MP: 9/9
  5526 | D:6      | Noticed a two-headed ogre
  5529 | D:6      | Killed a two-headed ogre
  5529 | D:6      | Reached skill level 5 in Dodging
  5529 | D:6      | Reached skill level 14 in Stealth
  5538 | D:6      | Noticed a komodo dragon
  5542 | D:6      | Killed a komodo dragon
  5542 | D:6      | Reached skill level 15 in Stealth
  5542 | D:6      | Reached XP level 9. HP: 39/43 MP: 10/10
  5665 | D:7      | Reached * piety under Nemelex Xobeh
  5760 | D:7      | Noticed Dowan
  5761 | D:7      | Noticed Duvessa
  5770 | D:7      | Killed Dowan
  5771 | D:7      | Noticed Menkaure
  6178 | D:7      | Killed Duvessa
  6537 | D:7      | Found a shadowy altar of Dithmenos.
  6549 | D:7      | Fell from the grace of Nemelex Xobeh
  6549 | D:7      | Became a worshipper of Dithmenos the Shadowed
  6793 | D:7      | Slain by a wight

Skill      XL: |  1  2  3  4  5  6  7  8  9 |
---------------+----------------------------+-----
Stealth        | 6 7 9 10 12 15 | 15.7
Fighting       | 2 3 |  3.2
Dodging        | 2 3 4 5 |  5.7
Short Blades   | 3 4 5 6 |  6.1
Throwing       | 3 4 |  4.1
Invocations    | |  0.7

Action                   |  1- 3 |  4- 6 |  7- 9 || total
-------------------------+-------+-------+-------++-------
Melee: Dagger            |   162 |   245 |   389 ||   796
       Unarmed           |       |       |    18 ||    18
 Fire: Blowgun           |     7 |       |    34 ||    41
Evoke: Deck              |       |       |     2 ||     2
  Use: Scroll            |     2 |     4 |    12 ||    18
       Potion            |     4 |     1 |     2 ||     7
 Stab: Sleeping          |     9 |    20 |    25 ||    54
       Invisible         |     3 |       |       ||     3
  Eat: Ration            |       |       |     4 ||     4
Armor: Robe              |    23 |    14 |    21 ||    58
Dodge: Dodged            |   130 |   122 |   184 ||   436
       Deflected         |       |       |     1 ||     1
